 Dungeon Crawl Stone Soup version 0.31.0-12-g77e489cdc1 (webtiles) character file.

Game seed: 3599119392986954220

714 CrypticCrinoid the Chopper (level 7, -1/93 HPs)
             Began as a Minotaur Berserker on Feb 16, 2024.
             Was a Priest of Trog.
             Killed by divine providence
             ... invoked by an orc priest
              (16 damage)
             ... on level 6 of the Dungeon.
             The game lasted 00:09:23 (3743 turns).

CrypticCrinoid the Chopper (Minotaur Berserker)     Turns: 3743, Time: 00:09:24

Health: -1/93      AC: 15    Str: 24    XL:     7   Next: 41%
Magic:  6/6        EV:  7    Int:  4    God:    Trog [***...]
Gold:   276        SH:  0    Dex:  9    Spells: 6/6 levels left

rFire   . . .        a - +0 hand axe
rCold   . . .        (no shield)
rNeg    + . .        g - +0 plate armour {rN+}
rPois   .            (helmet restricted)
rElec   .            n - +2 cloak
rCorr   .            (no gloves)
SInv    .            (no boots)
Will    .....        s - amulet of the acrobat Stlth
                     j - ring of flight
HPRegen 0.35/turn    (no ring)
MPRegen 0.10/turn

%: acrobat
@: berserking, flying, very quick
A: horns 2, retaliatory headbutt
a: Renounce Religion, Berserk, Trog's Hand


You were on level 6 of the Dungeon.
You worshipped Trog.
Trog was most pleased with you.
You visited 1 branch of the dungeon, and saw 6 of its levels.

You collected 276 gold pieces.

Inventory:

Hand Weapons
 a - a +0 hand axe (weapon)
Armour
 g - a +0 plate armour of positive energy (worn)
 n - a +2 cloak (worn)
Jewellery
 j - a ring of flight (left hand)
 s - an amulet of the acrobat (around neck)
Wands
 p - a wand of flame (11)
Scrolls
 b - 2 scrolls of poison {unknown}
 c - a scroll of revelation {unknown}
 e - 3 scrolls of teleportation
 f - a scroll of enchant armour {unknown}
 i - 2 scrolls of fog {unknown}
 k - 2 scrolls of noise {unknown}
 r - 9 scrolls of identify
Potions
 d - 2 potions of attraction
 h - a potion of might
 l - a potion of curing {unknown}
 m - 3 potions of mutation {unknown}
 o - a potion of berserk rage {unknown}
 q - a potion of heal wounds {unknown}


   Skills:
 * Level 5.7 Fighting
 * Level 7.3 Axes
 * Level 5.4 Armour
 * Level 3.7 Dodging
 - Level 0.1 Stealth


You had 6 spell levels left.
You didn't know any spells.
Your spell library was empty.

Dungeon Overview and Level Annotations

Branches:
Dungeon (6/15)
 Temple: D:4-7

Altars:
Ashenzari
Dithmenos
Okawaru
Xom
Zin


Innate Abilities, Weirdness & Mutations

You have a pair of horns on your head.
You reflexively headbutt those who attack you in melee.


Message History

The orc priest hits you but does no damage.
Unknown command.
You barely miss the orc warrior.
The orc warrior is lightly wounded.
You hit the orc priest.
The orc warrior hits you with a +0 battleaxe!
The orc priest invokes the aid of Beogh against you.
Beogh smites you!
The orc priest hits you but does no damage.
The orc priest calls upon Beogh to heal the orc warrior.
The orc warrior's wounds heal themselves!
You closely miss the orc warrior. Your headbutt misses the orc warrior.
You hit the orc priest.
The orc warrior hits you with a +0 battleaxe.
The orc priest mumbles some strange prayers to Beogh against you.
Pain shoots through your body!
You hit the orc warrior but do no damage.
You hit the orc priest but do no damage.
The orc warrior closely misses you. You furiously retaliate!
You headbutt the orc warrior.
The orc priest mumbles some strange prayers to Beogh against you.
Beogh smites you!
* * * LOW HITPOINT WARNING * * *
The orc priest calls upon Beogh to heal the orc warrior.
The orc warrior is healed somewhat.
A red film seems to cover your vision as you go berserk!
You feel yourself moving faster!
You feel mighty!
The orc warrior hits you with a +0 battleaxe!
* * * LOW HITPOINT WARNING * * *
The orc priest hits you but does no damage.
You slash the orc warrior! Your headbutt misses the orc warrior.
The orc warrior is moderately wounded.
You closely miss the orc priest.
Unknown command.
You slash the orc warrior!
The orc warrior is severely wounded.
You barely miss the orc priest. The orc warrior barely misses you.
The orc priest invokes the aid of Beogh against you.
Beogh smites you!
You die...

#### #...#+ + ......#
####. ......o ###+#
#+#.....
......o##...#####.#.....
.....oo@.....##..<......
.....o##.....##....>....
..... #.....##.........
##+# #.....##..<......
.##.....##.........
#...................
.....................
####......###........
##.....# #........


You could see an orc warrior and 4 orc priests.

Vanquished Creatures
  An ice beast (D:5)
  An ogre (D:4)
  2 scorpions (D:5)
  A bombardier beetle (D:3)
  A jelly (D:4)
  2 hounds
  An iguana (D:5)
  An orc wizard (D:4)
  Ijyb (D:4)
  Robin (D:4)
  3 gnolls (D:5)
  5 adders
  A shadow imp (D:5)
  2 dart slugs (D:3)
  A ribbon worm (D:5)
  16 orcs
  5 bats
  3 endoplasms
  4 giant cockroaches
  12 goblins
  15 hobgoblins
  7 jackals (D:1)
  5 quokkas
  6 ball pythons
  2 frilled lizards (D:1)
  8 kobolds
  7 rats
114 creatures vanquished.

Vanquished Creatures (others)
  An orc wizard (D:4)
1 creature vanquished.

Grand Total: 115 creatures vanquished

Notes
Turn   | Place    | Note
-------+----------+-------------------------------------------
     0 | D:1      | CrypticCrinoid the Minotaur Berserker began the quest for
                  | the Orb.
     0 | D:1      | Reached XP level 1. HP: 19/19 MP: 0/0
   182 | D:1      | Reached XP level 2. HP: 24/27 MP: 1/1
   214 | D:1      | Reached skill level 4 in Axes
   393 | D:1      | Reached ** piety under Trog
   481 | D:1      | Reached XP level 3. HP: 32/33 MP: 2/2
  1487 | D:3      | Reached XP level 4. HP: 36/41 MP: 3/3
  1783 | D:3      | Reached skill level 5 in Axes
  2009 | D:3      | Reached *** piety under Trog
  2010 | D:3      | Reached XP level 5. HP: 46/47 MP: 4/4
  2099 | D:4      | Found an opulent altar of Gozag.
  2099 | D:4      | Found a shimmering altar of Xom.
  2099 | D:4      | Found a glowing silver altar of Zin.
  2099 | D:4      | Found a shadowy altar of Dithmenos.
  2099 | D:4      | Found a glowing silver altar of Zin.
  2099 | D:4      | Found a broken altar of Ashenzari.
  2162 | D:4      | Noticed Ijyb
  2189 | D:4      | Killed Ijyb
  2396 | D:4      | Noticed an ogre
  2401 | D:4      | Killed an ogre
  2402 | D:4      | Reached skill level 6 in Axes
  2402 | D:4      | Reached XP level 6. HP: 55/55 MP: 5/5
  2405 | D:4      | Reached skill level 5 in Fighting
  2409 | D:4      | Found an iron altar of Okawaru.
  2413 | D:4      | Noticed Robin
  2418 | D:4      | Killed Robin
  2867 | D:5      | Entered Level 5 of the Dungeon
  2929 | D:5      | Reached skill level 5 in Armour
  3092 | D:5      | Reached XP level 7. HP: 44/61 MP: 6/6
  3430 | D:5      | Reached skill level 7 in Axes
  3743 | D:6      | Killed from afar by an orc priest

Illustrated notes

Levels and vault maps discovered:
D:1:      dpeg_arrival_tiny_a, layout_loops_ring, due_unseen_surprise
D:2:      layout_basic, nicolae_elevator_lobby_plus
D:3:      layout_rooms, st_stairs_14
D:4:      layout_loops_ring, okawaru_trees_2, doesnt_xom_only_xom,
          minmay_bisected, uniq_ijyb, uniq_robin
D:5:      layout_basic
D:6:      nicolae_cairo_tiling_very_big, layout_basic

Skill      XL: |  1  2  3  4  5  6  7 |
---------------+----------------------+-----
Fighting       | 4 5 |  5.7
Axes           | 4 5 6 7 |  7.3
Armour         | 3 4 5 |  5.4
Dodging        | 3 |  3.7
Stealth        | |  0.1

Action                     |  1- 3 |  4- 6 |  7- 9 || total
---------------------------+-------+-------+-------++-------
  Melee: Hand axe          |   102 |   126 |    43 ||   271
         Headbutt          |    11 |    17 |     7 ||    35
         Punch             |     1 |     2 |       ||     3
 Invoke: Berserk           |       |     3 |     1 ||     4
    Use: Scroll            |     1 |     2 |       ||     3
 Armour: Animal skin       |    26 |       |       ||    26
         Scale mail        |    52 |    76 |       ||   128
         Plate armour      |       |    34 |    27 ||    61
  Dodge: Dodged            |    71 |    59 |    12 ||   142
